AoeStats
← b站江条

Arabia

506594267Analyzed
1v1 RM · 18d ago on Sep 14, 2026· 26m 10s· 2 players
Game mode
Random Map
Map size
Tiny (2 player)
Population
200
Speed
Normal
Resources
Standard
Victory
Conquest
Starting age
Dark Age
Ending age
Imperial Age
RankedLock teamsTeams togetherTeam positionsShared explorationLock speedFull tech treeHidden civsTurbo modeCheats
Victory
Defeat
🇨🇳 Maya · China
1358
+14
🇦🇺 Magyars · Australia
1323
-14
Civ_Picker
6:55 Loom
9:58 Feudal Age
11:18 Double-Bit Axe
11:46 Horse Collar
17:47 Scale Barding Armor
23:24 Castle Age
22:10 Bloodlines
23:41 Fletching
b站江条
0:25 Loom
8:34 Feudal Age
9:25 Double-Bit Axe
14:03 Horse Collar
15:18 Fletching
16:27 Wheelbarrow
21:27 Castle Age
19:55 Gold Mining
20:06 Padded Archer Armor
22:17 Bodkin Arrow
21:45 Crossbowman
25:48 Bow Saw
26:09 Heavy Plow
Connection lost

Rejoining the realm…

Still unreachable

The connection could not be restored.

Session expired

The server has moved on; the page needs a fresh start.